 Dungeon Crawl Stone Soup version 0.30-a0-777-ga9a30cbeda (webtiles) character file.

Game seed: 15584698154180536592

153 BRD the Stinger (level 5, -1/41 HPs)
             Began as a Draconian Wanderer on Feb 13, 2023.
             Slain by an iguana (5 damage)
             ... on level 4 of the Dungeon.
             The game lasted 00:09:33 (3040 turns).

BRD the Stinger (Draconian Wanderer)                Turns: 3040, Time: 00:09:34

Health: -1/41      AC:  6    Str: 14    XL:     5   Next: 12%
Magic:  6/8        EV: 12    Int: 15    God:
Gold:   173        SH:  0    Dex: 10    Spells: 3/8 levels left

rFire   . . .      SeeInvis .    h - +0 hand axe
rCold   . . .      Faith    .    (no shield)
rNeg    . . .      Spirit   .    (body armour unavailable)
rPois   .          Reflect  .    (helmet restricted)
rElec   .          Harm     .    (no cloak)
rCorr   .          Rampage  .    c - +0 pair of gloves
Will    .....                    (no boots)
Stlth   +                        (no amulet)
HPRegen 0.26/turn                (no ring)
MPRegen 0.11/turn                (no ring)

@: no status effects
A: AC +5, unfitting armour, cold-blooded
a: no special abilities


You were on level 4 of the Dungeon.
You visited 1 branch of the dungeon, and saw 4 of its levels.

You collected 173 gold pieces.

Inventory:

Hand Weapons
 h - a +0 hand axe (weapon)
Missiles
 n - 5 boomerangs
Armour
 c - a +0 pair of gloves (worn)
Magical Staves
 j - a staff of earth
 o - a staff of poison
Scrolls
 a - a scroll of magic mapping {unknown}
 e - a scroll of immolation {unknown}
 f - a scroll of noise {unknown}
 g - a scroll of teleportation {unknown}
 l - 3 scrolls of identify {unknown}
Potions
 b - a potion of berserk rage
 d - 2 potions of curing {unknown}
 i - a potion of mutation {unknown}
 k - a potion of lignification {unknown}
 m - a potion of attraction {unknown}
 p - a potion of might {unknown}


   Skills:
 + Level 1.8 Fighting
 + Level 1.5 Axes
 - Level 2.6 Dodging
 + Level 2.3 Spellcasting
 - Level 2.0 Transmutations
 - Level 1.0 Ice Magic
 + Level 3.8 Poison Magic
 - Level 1.0 Invocations
 - Level 1.0 Evocations


You had 3 spell levels left.
You knew the following spells:

 Your Spells              Type           Power      Damage    Failure   Level
a - Sting                 Tmut/Pois      40%        1d5       6%          1
b - Olgreb's Toxic Radia  Pois           13%        N/A       41%         4

Your spell library contained the following spells:

 Spells                   Type           Power      Damage    Failure   Level
 Freeze                   Ice            16%        1d4       14%         1
 Cigotuvi's Dreadful Rot  Necr/Pois/Air  10%        N/A       19%         2
 Ozocubu's Armour         Ice            4%         N/A       38%         3


Dungeon Overview and Level Annotations

Branches:
Dungeon (4/15)
 Temple: D:4-7

Altars:
Vehumet

Annotations:
D:4 3 runed translucent doors, Blork the orc; bezhaha's ghost, amateur OgWr


Innate Abilities, Weirdness & Mutations

Your plain brown scales are hard. (AC +5)
You cannot fit into any form of body armour.
You are cold-blooded and may be slowed by cold attacks.


Message History

The iguana is moderately wounded.
The iguana closely misses you.
You closely miss the iguana.
The iguana is moderately wounded.
The iguana bites you. The iguana closely misses you.
You hit the iguana but do no damage.
You tail-slap the iguana, but do no damage.
The iguana is moderately wounded.
The iguana bites you!
You hit the iguana.
You tail-slap the iguana, but do no damage.
The iguana is heavily wounded.
The iguana bites you!
You closely miss the iguana.
The iguana is heavily wounded.
The iguana bites you!
* * * LOW HITPOINT WARNING * * *
You hit the iguana.
The iguana is severely wounded.
The iguana misses you. The iguana bites you.
* * * LOW HITPOINT WARNING * * *
Throw: 5 boomerangs
Press: ? - help, Q - select action, (/) - cycle Shift-Dir - straight line, f - iguana
Aim: an iguana (severely wounded, 58% to hit)
You throw a boomerang. The boomerang barely misses the iguana.
The iguana bites you!
* * * LOW HITPOINT WARNING * * *
Aiming: Sting (safe; 6% risk of failure)
Press: ? - help, Q - select action, (/) - cycle Shift-Dir - straight line, f/p - iguana
Aim: an iguana (severely wounded, 75% to hit)
The sting hits the iguana.
The iguana is poisoned.
The iguana is almost dead.
The iguana barely misses you. The iguana attacks as you move away!
The iguana closely misses you.
Aiming: Sting (safe; 6% risk of failure)
Press: ? - help, Q - select action, (/) - cycle Shift-Dir - straight line, f/p - iguana
Aim: an iguana (almost dead, poisoned, 75% to hit)
The sting misses the iguana.
The iguana bites you.
You die...

# ######### # #.......# #
#.......# # #.......# #
####### #.......# # .......
#########.......####
.......####......#............
.......!....l@............#..#
.......####......#........##..
....... #...............#...
<...... #.......#.........#.
............#.....#######..##.
.......##..##...#############.
####### ##..#..###~~≈~~~~~~#..
#.....................
#........#~≈≈~≈~~≈~#..


You could see an iguana (poisoned).

Vanquished Creatures
  An orc wizard (D:4)
  3 gnolls (D:2)
  3 adders
  A worm (D:2)
  6 orcs
  6 ball pythons
  2 bats (D:1)
  6 endoplasms
  A giant cockroach (D:1)
  A goblin (D:1)
  6 hobgoblins (D:1)
  7 jackals
  6 kobolds
  2 quokkas
  6 frilled lizards (D:1)
  5 rats
62 creatures vanquished.

Notes
Turn   | Place    | Note
-------+----------+-------------------------------------------
     0 | D:1      | BRD the Draconian Wanderer began the quest for the Orb.
     0 | D:1      | BRD set off with the following items: a +0 club, a potion
                  | of berserk rage, a +0 pair of gloves; and the following
                  | spells available to memorise: Sting, Freeze, Cigotuvi's
                  | Dreadful Rot, Ozocubu's Armour, Olgreb's Toxic Radiance.
     0 | D:1      | Reached XP level 1. HP: 14/14 MP: 2/2
     2 | D:1      | Learned a level 1 spell: Sting
   237 | D:1      | Reached XP level 2. HP: 20/20 MP: 4/4
   401 | D:1      | Reached skill level 1 in Transmutations
   862 | D:1      | Reached XP level 3. HP: 23/27 MP: 5/5
  1279 | D:2      | Reached skill level 1 in Fighting
  1398 | D:2      | Reached XP level 4. HP: 21/35 MP: 7/7
  1481 | D:2      | Reached skill level 1 in Axes
  1561 | D:2      | Learned a level 4 spell: Olgreb's Toxic Radiance
  1676 | D:2      | You fall into a shaft and drop 2 floors!
  1947 | D:3      | Reached XP level 5. HP: 35/41 MP: 8/8
  2813 | D:4      | Found a radiant altar of Vehumet.
  2864 | D:4      | Noticed Blork the orc
  2980 | D:4      | Found a runed translucent gate.
  2981 | D:4      | Found a runed translucent gate.
  2982 | D:4      | Found a runed translucent gate.
  2997 | D:4      | Noticed bezhaha's ghost (amateur OgWr)
  3034 | D:4      | HP: 2/41 [iguana (9)]
  3040 | D:4      | Slain by an iguana

Illustrated notes

Levels and vault maps discovered:
D:1:      lightli_arrival_maybe_door_vault, layout_loops_corners
D:2:      layout_loops_ring, ebering_ecumenical_altar_sacrificial
D:3:      layout_basic
D:4:      layout_rooms, vehumet_crystals, gammafunk_ghost_necromancy,
          amcnicky_mini_rare_corridor_liquid, kennysheep_windowed_goal,
          uniq_blork_the_orc

Skill      XL: |  1  2  3  4 |
---------------+-------------+-----
Transmutations | 1 2 |  2.0
Fighting       | 1 |  1.8
Spellcasting   | 2 |  2.3
Axes           | 1 |  1.5
Dodging        | |  2.6
Ice Magic      | |  1.0
Poison Magic   | |  3.8
Invocations    | |  1.0
Evocations     | |  1.0

Action                     |  1- 3 |  4- 6 || total
---------------------------+-------+-------++-------
  Melee: Club              |    80 |       ||    80
         Tailslap          |    16 |     9 ||    25
         Punch             |     2 |       ||     2
         Hand axe          |    69 |    97 ||   166
  Throw: Boomerang         |       |     1 ||     1
   Cast: Sting             |     3 |     2 ||     5
   Stab: Sleeping          |     2 |       ||     2
 Armour: Skin              |    49 |    32 ||    81
  Dodge: Dodged            |   118 |    82 ||   200

Table legend: (Time is in decaauts)
 A = Elapsed time spent in this place.
 B = Non-inter-level travel time spent in this place.
 C = Inter-level travel time spent in this place.
 D = Time resting spent in this place.
 E = Time spent auto-exploring this place.
 F = Levels seen in this place.
 G = Mean time per level.
                   A        B        C        D        E       F      G
               +--------+--------+--------+--------+--------+-----+--------+
         Total |   3112 |   2860 |    252 |    228 |   1929 |   4 |  778.0 |
       Dungeon |   3112 |   2860 |    252 |    228 |   1929 |   4 |  778.0 |
               +--------+--------+--------+--------+--------+-----+--------+

Top non-repeatable levels by time:
     D:1: 1208 daAuts
     D:3: 1024 daAuts
     D:2: 518 daAuts
     D:4: 361 daAuts
